AoeStats
← Tavik

African Clearing

504868193Analyzed
2v2 RM · 25d ago on Sep 6, 2026· 108m 24s· 4 players
Game mode
Random Map
Map size
Medium (4 player)
Population
200
Speed
Normal
Resources
Standard
Victory
Conquest
Starting age
Dark Age
Ending age
Imperial Age
RankedLock teamsTeams togetherTeam positionsShared explorationLock speedFull tech treeHidden civsTurbo modeCheats
Victory
Defeat
🇨🇿 Portuguese · Czechia
1347
+14
🇨🇿 Aztecs · Czechia
1294
+16
🇲🇽 Burgundians · Mexico
1300
-15
🇲🇽 Dravidians · Mexico
1300
-15
Guest
5:54 Loom
6:01 Double-Bit Axe
13:48 Feudal Age
13:57 Horse Collar
14:11 Gold Mining
15:21 Bow Saw
18:20 Castle Age
18:50 Heavy Plow
20:58 Fervor
22:27 Wheelbarrow
22:05 Town Watch
24:42 Stone Mining
25:20 Hand Cart
29:58 Imperial Age
28:01 Scale Barding Armor
28:37 Forging
29:57 Two-Man Saw
29:52 Chain Barding Armor
31:12 Iron Casting
32:12 Chemistry
32:04 Conscription
32:33 Plate Barding Armor
32:48 Husbandry
34:42 Blast Furnace
33:18 Cavalier
35:00 Paladin
37:26 Burgundian Vineyards
39:17 Hoardings
39:24 Masonry
39:35 Ballistics
39:10 Murder Holes
40:15 Padded Archer Armor
40:05 Fletching
41:52 Gold Shaft Mining
41:52 Stone Shaft Mining
41:40 Leather Archer Armor
41:22 Bodkin Arrow
43:08 Architecture
42:19 Treadmill Crane
43:59 Bracer
45:32 Fortified Wall
45:25 Town Patrol
47:35 Scale Mail Armor
47:50 Guilds
48:11 Coinage
51:42 Banking
59:06 Elite Skirmisher
86:13 Light Cavalry
86:48 Hussar
TheDave
4:10 Loom
16:00 Feudal Age
20:36 Castle Age
18:49 Double-Bit Axe
19:48 Horse Collar
27:12 Gambesons
28:07 Padded Archer Armor
27:57 Fletching
27:47 Man-at-Arms
28:49 Scale Mail Armor
29:46 Chain Mail Armor
30:49 Long Swordsman
32:17 Forging
43:41 Wheelbarrow
44:02 Iron Casting
56:34 Gold Mining
56:34 Stone Mining
76:22 Imperial Age
74:15 Bodkin Arrow
75:27 Padded Archer Armor
76:25 Leather Archer Armor
77:54 Bracer
79:38 Ring Archer Armor
79:56 Ballistics
80:42 Chemistry
79:44 Elite Elephant Archer
81:05 Masonry
81:10 Town Watch
81:21 Town Watch
87:13 Light Cavalry
89:52 Husbandry
90:51 Hand Cart
91:38 Coinage
91:17 Scale Barding Armor
92:14 Blast Furnace
97:20 Chain Barding Armor
Melioth
5:02 Loom
14:03 Feudal Age
18:23 Castle Age
16:24 Gold Mining
16:17 Horse Collar
16:42 Double-Bit Axe
17:46 Forging
17:48 Scale Mail Armor
23:54 Wheelbarrow
23:31 Squires
24:11 Eagle Warrior
24:39 Gambesons
26:00 Iron Casting
26:23 Chain Mail Armor
25:55 Arson
28:06 Stone Mining
32:29 Pikeman
36:47 Imperial Age
35:23 Bow Saw
35:20 Heavy Plow
37:08 Gold Shaft Mining
38:12 Garland Wars
38:13 Conscription
39:26 Blast Furnace
39:29 Crop Rotation
41:24 Chemistry
40:01 Elite Eagle Warrior
41:59 Plate Mail Armor
41:20 Fletching
41:30 Padded Archer Armor
41:27 Crossbowman
42:36 Ballistics
42:52 Hand Cart
52:57 Arbalester
53:36 Bodkin Arrow
53:56 Leather Archer Armor
57:25 Bracer
57:37 Capped Ram
58:21 Siege Ram
60:31 Stone Shaft Mining
86:18 Elite Skirmisher
88:47 Caravan
88:58 Atlatl
Tavik
4:50 Loom
12:22 Feudal Age
12:58 Double-Bit Axe
21:12 Castle Age
20:21 Bloodlines
22:31 Wheelbarrow
22:37 Horse Collar
23:11 Bow Saw
31:08 Heavy Plow
34:34 Imperial Age
32:25 Pikeman
33:32 Crossbowman
34:17 Thumb Ring
35:17 Fletching
35:27 Padded Archer Armor
34:50 Arbalester
35:55 Ballistics
36:36 Chemistry
36:21 Halberdier
38:45 Bodkin Arrow
39:44 Bracer
43:31 Elite Skirmisher
63:49 Town Watch
68:35 Arquebus
69:53 Scale Mail Armor
70:03 Forging
73:11 Iron Casting
79:53 Blast Furnace
79:09 Chain Mail Armor
84:35 Caravan
84:46 Guilds
85:59 Plate Mail Armor
85:46 Leather Archer Armor
87:26 Ring Archer Armor
89:27 Onager
89:27 Capped Ram
91:16 Two-Man Saw
97:44 Siege Engineers
Connection lost

Rejoining the realm…

Still unreachable

The connection could not be restored.

Session expired

The server has moved on; the page needs a fresh start.